 Dungeon Crawl Stone Soup version 0.29-a0-297-g7659ce593d (console) character file.

Game seed: 760709202463938806

4 Ignak the Skirmisher (level 1, 0/22 HPs)
             Began as an Ogre Warper on Mar 22, 2022.
             Slain by a hobgoblin (2 damage)
             ... on level 1 of the Dungeon.
             The game lasted 00:00:07 (34 turns).

Ignak the Skirmisher (Ogre Warper)                    Turns: 34, Time: 00:00:07

Health: 0/22       AC:  3    Str: 14    XL:     1   Next: 70%
Magic:  3/4        EV:  9    Int: 14    God:
Gold:   0          SH:  0    Dex:  8    Spells: 5/5 levels left

rFire   . . .      SeeInvis .   a - +0 mace
rCold   . . .      Faith    .   (no shield)
rNeg    . . .      Spirit   .   b - +0 robe
rPois   .          Reflect  .   (helmet restricted)
rElec   .          Harm     .   (no cloak)
rCorr   .          Rampage  .   (gloves unavailable)
Will    .....                   (boots unavailable)
Stlth   +.........              (no amulet)
HPRegen 0.07/turn               (no ring)
MPRegen 0.09/turn               (no ring)

@: no status effects
A: large, unfitting armour, tough skin 1
a: no special abilities


You were on level 1 of the Dungeon.
You visited 1 branch of the dungeon, and saw 1 of its levels.

Inventory:

Hand Weapons
 a - a +0 mace (weapon)
Missiles
 d - 7 boomerangs of dispersal (quivered)
Armour
 b - a +0 robe (worn)
Scrolls
 c - a scroll of blinking
 e - a scroll of identify {unknown}


   Skills:
 + Level 2.7 Fighting
 + Level 1.8 Maces & Flails
 + Level 1.1 Throwing
 + Level 2.1 Dodging
 + Level 2.5 Spellcasting
 + Level 2.7 Translocations


You had 5 spell levels left.
You didn't know any spells.
Your spell library contained the following spells:

 Spells                   Type           Power      Damage    Failure   Level
 Blink                    Tloc           18%        N/A       11%         2
 Gell's Gravitas          Tloc           9%         N/A       22%         3
 Lesser Beckoning         Tloc           9%         N/A       22%         3
 Teleport Other           Tloc           9%         N/A       22%         3
 Manifold Assault         Tloc           9%         N/A       90%         5


Dungeon Overview and Level Annotations

Branches:
Dungeon (1/15)

Altars:


Innate Abilities, Weirdness & Mutations

You are too large for most types of armour.
You have tough skin. (AC +1)


Message History

The ball python bites you. The ball python barely misses you.
You hit the ball python.
The ball python is heavily wounded.
The ball python bites you.
You hit the ball python.
You kill the ball python!
The frilled lizard attacks as you move away!
The frilled lizard bites you but does no damage.
The frilled lizard barely misses you.
The frilled lizard attacks as you move away!
The frilled lizard bites you.
A quokka and a kobold come into view.
The kobold shouts!
You closely miss the frilled lizard. The frilled lizard bites you.
The frilled lizard barely misses you.
A hobgoblin comes into view.
You closely miss the frilled lizard.
The hobgoblin shouts!
You hear an angry hiss.
The frilled lizard bites you but does no damage.
The frilled lizard bites you. The kobold barely misses you.
The frilled lizard bites you but does no damage.
The frilled lizard barely misses you. The kobold hits you with a +0 dagger.
You hit the frilled lizard but do no damage.
The frilled lizard closely misses you. The frilled lizard barely misses you.
The kobold hits you with a +0 dagger.
A ball python comes into view.
The quokka barely misses you.
You sock the frilled lizard!
You kill the frilled lizard!
The quokka bites you but does no damage.
The frilled lizard bites you. The kobold hits you with a +0 dagger.
You barely miss the frilled lizard. The quokka barely misses you.
The frilled lizard bites you. The kobold hits you with a +0 dagger.
* * * LOW HITPOINT WARNING * * *
The hobgoblin closely misses you. The quokka bites you.
* * * LOW HITPOINT WARNING * * *
The frilled lizard closely misses you. The kobold hits you but does no damage.
The hobgoblin barely misses you. The hobgoblin attacks as you move away!
The hobgoblin hits you.
You die...

.#..##.#.##.# #
#.
#.#.#..#######.#
.
#.#............$
##.#.............
................#
###......†...!.#
..........†.##.#
###...†l##......
#...r@# .......
......gK# ...#.##
......... ......#
###S..#.##...#..#
.....#.. ...)..
.###..### #.. ..


You could see a quokka, a hobgoblin, a ball python, a kobold and a frilled
lizard.

Vanquished Creatures
  An endoplasm (D:1)
  3 ball pythons (D:1)
  A frilled lizard (D:1)
5 creatures vanquished.

Notes
Turn   | Place    | Note
-------+----------+-------------------------------------------
     0 | D:1      | Ignak the Ogre Warper began the quest for the Orb.
     0 | D:1      | Reached XP level 1. HP: 22/22 MP: 3/3
    34 | D:1      | Slain by a hobgoblin

Illustrated notes

Levels and vault maps discovered:
D:1:      heliophobic_arrival_enchanted_forest, layout_basic,
          shapermc_ecumenical_altar_flowoftime

Action                   || total
-------------------------++-------
Melee: Mace              ||    10
Armor: Robe              ||     7
Dodge: Dodged            ||    13

Table legend: (Time is in decaauts)
 A = Elapsed time spent in this place.
 B = Non-inter-level travel time spent in this place.
 C = Inter-level travel time spent in this place.
 D = Time resting spent in this place.
 E = Time spent auto-exploring this place.
 F = Levels seen in this place.
 G = Mean time per level.
                   A        B        C        D        E       F      G
               +--------+--------+--------+--------+--------+-----+--------+
         Total |     37 |     37 |      0 |      0 |     13 |   1 |   37.0 |
       Dungeon |     37 |     37 |      0 |      0 |     13 |   1 |   37.0 |
               +--------+--------+--------+--------+--------+-----+--------+

Top non-repeatable levels by time:
     D:1: 37 daAuts
